 Dungeon Crawl Stone Soup version 0.32-a0-571-gec57dfcd37 (webtiles) character file.

Game seed: 17006414123879050816

43 horus123 the Magician (level 3, -2/26 HPs)
             Began as a Demigod Earth Elementalist on Mar 1, 2024.
             Slain by Terence
             ... wielding a +0 flail
              (4 damage)
             ... on level 2 of the Dungeon.
             The game lasted 00:01:50 (977 turns).

horus123 the Magician (Demigod Earth Elementalist)   Turns: 977, Time: 00:01:51

Health: -2/26      AC:  4    Str:  9    XL:     3   Next: 20%
Magic:  4/10       EV: 12    Int: 21    God:
Gold:   72         SH:  0    Dex: 14    Spells: 7/8 levels left

rFire   . . .        c - +0 mace (protect)
rCold   . . .        (no shield)
rNeg    . . .        a - +0 robe
rPois   .            e - +0 helmet
rElec   .            (no cloak)
rCorr   .            i - +0 pair of gloves
SInv    .            (no boots)
Will    .....        (no amulet)
Stlth   ++           (no ring)
HPRegen 0.24/turn    (no ring)
MPRegen 0.12/turn

%: no passive effects
@: no status effects
A: high MP 1, forlorn, divine attributes
a: no special abilities


You were on level 2 of the Dungeon.
You visited 1 branch of the dungeon, and saw 2 of its levels.

You collected 72 gold pieces.

Inventory:

Hand Weapons
 c - a +0 mace of protection (weapon)
 g - a +0 whip of electrocution
Armour
 a - a +0 robe (worn)
 e - a +0 helmet (worn)
 f - a +0 buckler
 i - a +0 pair of gloves (worn)
Scrolls
 h - a scroll of enchant weapon {unknown}
 k - a scroll of identify {unknown}
Potions
 b - a potion of magic
 d - a potion of curing {unknown}
 j - a potion of attraction {unknown}


   Skills:
 - Level 1.7 Dodging
 - Level 1.7 Stealth
 + Level 3.2 Spellcasting
 - Level 0.8 Conjurations
 - Level 2.6 Earth Magic


You had 7 spell levels left.
You knew the following spells:

 Your Spells              Type           Power      Damage    Failure   Level
a - Sandblast             Erth           28%        2d8       4%          1

Your spell library contained the following spells:

 Spells                   Type           Power      Damage    Failure   Level
 Passwall                 Erth           14%        N/A       13%         3
 Stone Arrow              Conj/Erth      20%        3d8       19%         3
 Brom's Barrelling Bould  Conj/Erth      10%        2d3       52%         4
 Petrify                  Alch/Erth      9%         N/A       58%         4


Dungeon Overview and Level Annotations

Branches:
Dungeon (2/15)

Annotations:
D:2 Terence


Innate Abilities, Weirdness & Mutations

You have an increased reservoir of magic. (+10% MP)
You shall have no god before yourself.
Your divine heritage dramatically boosts your attributes as you level up.


Message History

You kill the ball python!
Unknown command.
Magic restored.
HP restored.
Done exploring.
You climb downwards.
Level annotation: Terence
There is a stone staircase leading up here.
Found a stone staircase leading down.
The blast of sand hits Terence but does no damage.
Terence shouts!
Terence shouts, "ATTACK!!!"
The blast of sand hits Terence.
Terence is moderately wounded.
The blast of sand hits Terence but does no damage.
Terence is moderately wounded.
Terence misses you.
The blast of sand hits Terence but does no damage.
Terence is moderately wounded.
Terence misses you. Terence hits you with a +0 flail!
The blast of sand hits Terence but does no damage.
Terence is moderately wounded.
Terence hits you with a +0 flail!
Aiming: Sandblast (safe; 4% risk of failure)
Press: ? - help, Q - select action Shift-Dir - straight line, f/p - Terence
Aim: Terence, wielding a +0 flail and wearing a +0 chain mail (moderately wounded, 87% to hit)
The blast of sand hits Terence but does no damage.
Terence is moderately wounded.
Terence hits you with a +0 flail.
* * * LOW HITPOINT WARNING * * *
Terence hits you with a +0 flail.
* * * LOW HITPOINT WARNING * * *
Aiming: Sandblast (safe; 4% risk of failure)
Press: ? - help, Q - select action Shift-Dir - straight line, f/p - Terence
Aim: Terence, wielding a +0 flail and wearing a +0 chain mail (moderately wounded, 87% to hit)
The blast of sand hits Terence but does no damage.
Terence is moderately wounded.
Terence hits you with a +0 flail.
You die...
Terence says, "That felt goooood."

#.....#
#.....# .#
###.....####.#
............#
#.........#
##........##
#..†.......#
#...<......#
#....@@....#
#...<..$...#
#............
##..........>
##......#...
...?.... ..
####(.#### #
##.#


You could see Terence.

Vanquished Creatures
  An adder (D:2)
  A dart slug (D:1)
  3 endoplasms (D:1)
  2 giant cockroaches (D:1)
  3 goblins (D:1)
  2 hobgoblins (D:1)
  A quokka (D:1)
  4 ball pythons (D:1)
  4 bats (D:1)
  7 frilled lizards (D:1)
  4 kobolds (D:1)
  2 rats (D:1)
34 creatures vanquished.

Notes
Turn   | Place    | Note
-------+----------+-------------------------------------------
     0 | D:1      | horus123 the Demigod Earth Elementalist began the quest for
                  | the Orb.
     0 | D:1      | Reached XP level 1. HP: 14/14 MP: 5/5
   111 | D:1      | Reached skill level 2 in Spellcasting
   269 | D:1      | Reached XP level 2. HP: 11/20 MP: 2/8
   657 | D:1      | Reached skill level 3 in Spellcasting
   889 | D:2      | Noticed Terence
   893 | D:2      | Reached XP level 3. HP: 14/26 MP: 6/10
   977 | D:2      | Slain by Terence

Illustrated notes

Levels and vault maps discovered:
D:1:      wheals_arrival_linesprint, layout_rooms, basic_ecumenical_altar,
          minmay_pentomino_x2
D:2:      layout_rooms, serial_shops, shop, serial_co_window_serial,
          co_window_paths_a, co_window_of_opportunity_a, co_window_paths_a,
          co_window_paths_b, co_window_corner_a, co_window_paths_c,
          co_window_broadway_b, co_window_2corner, co_window_broadway_c,
          co_window_of_opportunity_b, co_window_broadway_c, glass_columns_b,
          minmay_surrounded, uniq_robin, uniq_terence

Skill      XL: |  1  2 |
---------------+-------+-----
Spellcasting   | 2 3 |  3.2
Dodging        | |  1.7
Stealth        | |  1.7
Conjurations   | |  0.8
Earth Magic    | |  2.6

Action                     || total
---------------------------++-------
  Melee: Mace              ||    23
   Cast: Sandblast         ||    47
 Armour: Robe              ||    40
  Dodge: Dodged            ||    41

Table legend: (Time is in decaauts)
 A = Elapsed time spent in this place.
 B = Non-inter-level travel time spent in this place.
 C = Inter-level travel time spent in this place.
 D = Time resting spent in this place.
 E = Time spent auto-exploring this place.
 F = Levels seen in this place.
 G = Mean time per level.
                   A        B        C        D        E       F      G
               +--------+--------+--------+--------+--------+-----+--------+
         Total |   1009 |    924 |     85 |     54 |    648 |   2 |  504.5 |
       Dungeon |   1009 |    924 |     85 |     54 |    648 |   2 |  504.5 |
               +--------+--------+--------+--------+--------+-----+--------+

Top non-repeatable levels by time:
     D:1: 989 daAuts
     D:2: 19 daAuts
